 Dungeon Crawl Stone Soup version 0.20.1-1-g8b1a95d (webtiles) character file.

1036 Monsterracer the Chiller (level 8, -2/62 HPs)
             Began as a Black Draconian Ice Elementalist on Aug 25, 2017.
             Shot with an arrow by a centaur (13 damage)
             ... on level 5 of the Dungeon.
             The game lasted 00:08:14 (4541 turns).

Monsterracer the Chiller (DrIE)                     Turns: 4541, Time: 00:08:15

Health: -2/62      AC:  7    Str: 16    XL:     8   Next: 4%
Magic:  13/14      EV: 12    Int: 18    God:
Gold:   287        SH:  0    Dex: 12    Spells: 2/16 levels left

rFire    . . .     SeeInvis .   h - +2 dagger (speed)
rCold    . . .     Gourm    .   (no shield)
rNeg     . . .     Faith    .   (armour unavailable)
rPois    .         Spirit   .   s - +0 hat
rElec    +         Reflect  .   (no cloak)
rCorr    .         Harm     .   (no gloves)
MR       .....                  c - +0 pair of boots
Stlth    ++........             (no amulet)
Regen    0.2/turn               g - +6 ring of strength
MPRegen  0.2/turn               k - +4 ring of slaying

@: no status effects
A: breathe lightning, unfitting armour, electricity resistance, cold-blooded, AC
+6
a: Breathe Lightning


You were on level 5 of the Dungeon.
You were not hungry.

You visited 1 branch of the dungeon, and saw 5 of its levels.

You collected 287 gold pieces.

Inventory:

Hand Weapons
 h - a +2 dagger of speed (weapon)
Armour
 c - a +0 pair of boots (worn)
 i - a +0 buckler
 s - a +0 hat (worn)
Jewellery
 g - a +6 ring of strength (left hand)
 k - a +4 ring of slaying (right hand)
Wands
 m - a wand of acid (15/15)
 t - a wand of lightning (7/15)
Scrolls
 e - 2 scrolls of fear
 f - 4 scrolls of remove curse
 j - a scroll of enchant weapon
 p - 2 scrolls of identify
Potions
 d - a potion of resistance
 o - 4 potions of curing
 q - 4 potions of lignification
 r - 2 potions of heal wounds
 u - a potion of flight
 v - a potion of brilliance
Comestibles
 b - 2 bread rations
 l - 2 royal jellies
 n - 5 meat rations


   Skills:
 + Level 2.5 Fighting
 - Level 1.7 Dodging
 - Level 1.7 Stealth
 + Level 4.6 Spellcasting
 - Level 1.0 Conjurations
 + Level 3.2 Summonings
 * Level 7.5 Ice Magic


You had 2 spell levels left.
You knew the following spells:

 Your Spells              Type           Power        Failure   Level  Hunger
a - Freeze                Ice            ####         1%          1    None
b - Throw Frost           Conj/Ice       ###...       3%          2    #......
c - Ozocubu's Armour      Chrm/Ice       ###.....     9%          3    ###....
d - Summon Ice Beast      Ice/Summ       ###.....     16%         4    ####...
e - Throw Icicle          Conj/Ice       ###.....     24%         4    ####...


Dungeon Overview and Level Annotations

Branches:
Dungeon (5/15)
 Temple: D:4-7

Altars:
Qazlal

Shops:
D:5 (


Innate Abilities, Weirdness & Mutations

You can breathe wild blasts of lightning.
Your glossy black scales are hard. (AC +6)
You cannot fit into any form of body armour.
You are resistant to electric shocks. (rElec)
You are cold-blooded and may be slowed by cold attacks.


Message History

You feel agile.
You feel somewhat more hungry.
You hear a shout!
You hear a bark!
Something shouts, "Get thee gone, thou currish bat-fowling nightsoil!"
Huge Dmg: -8%(-5hp) hp: 5%(3hp)
q - 4 potions of lignification (gained 2)
You start resting.
Eating a chunk of flesh.
You eat the chunk of flesh.
This raw flesh tastes terrible.
Your ice beast disappears in a puff of smoke!
You have got your breath back.
You start resting.
Your icy armour starts to melt.
Unknown command.
You start resting.
A centaur comes into view.
Your icy armour evaporates.
The centaur shouts!
The centaur wields a shortbow.
The centaur shoots an arrow.
The arrow closely misses you.
The centaur shoots an arrow.
The arrow hits you!
You die...

.. ..#### ## . . # #...###
#.. .#. ##. #..#.## ..# ...
#.# #..[.### ... #.#.##.#
##..)(... ##.#
#......######.......# #
#...## #...##.##......##
#..[#.#.#####........#....##
..(.....††..@.##.....#.#.##
#....c..#######........#.#
##..###.# ##.>...##..# #.
#.# ##...###.## .# #.#
.....# .# .# <.# .#....# .#
## ### ##.#.#.# ## #.


You could see a centaur.

Vanquished Creatures
  The ghost of Monsterracer the Chiller, an amateur DgIE (D:3)
  2 ogres (D:5)
  3 scorpions (D:5)
  A howler monkey (D:5)
  A crimson imp (D:5)
  An orc wizard (D:4)
  An orc priest (D:3)
  A bullfrog skeleton (D:5)
  A worker ant (D:5)
  4 gnolls
  7 adders
  An ooze (D:1)
  A worm (D:2)
  3 dart slugs
  2 leopard geckos
  18 orcs
  2 giant cockroaches
  7 goblins
  13 hobgoblins
  6 jackals (D:3)
  3 quokkas
  5 bats
  6 frilled lizards
  13 kobolds
  7 rats
110 creatures vanquished.

Vanquished Creatures (collateral kills)
  Menkaure (D:4)
  An ice beast (D:5)
2 creatures vanquished.

Grand Total: 112 creatures vanquished

Notes
Turn   | Place    | Note
-------+----------+-------------------------------------------
     0 | D:1      | Monsterracer the Draconian Ice Elementalist began the quest for the Orb.
     0 | D:1      | Reached XP level 1. HP: 14/14 MP: 3/3
   436 | D:1      | Reached XP level 2. HP: 20/20 MP: 1/5
   828 | D:1      | Learned a level 2 spell: Throw Frost
  1288 | D:2      | Reached skill level 4 in Ice Magic
  1288 | D:2      | Reached XP level 3. HP: 25/26 MP: 6/6
  1843 | D:3      | Reached XP level 4. HP: 26/33 MP: 0/7
  2063 | D:3      | Noticed Monsterracer's ghost (amateur DgIE)
  2067 | D:3      | HP: 16/33 [Monsterracer's ghost/puff of frost (6)]
  2068 | D:3      | Killed Monsterracer's ghost
  2068 | D:3      | Reached skill level 5 in Ice Magic
  2068 | D:3      | Reached XP level 5. HP: 18/38 MP: 6/9
  2075 | D:3      | HP: 18/38 [adder (1)]
  2311 | D:3      | Learned a level 3 spell: Ozocubu's Armour
  2316 | D:3      | Learned a level 4 spell: Summon Ice Beast
  2478 | D:2      | HP: 19/38 [gnoll/hand axe (7)]
  2642 | D:3      | Reached XP level 6. HP: 43/45 MP: 7/11
  2753 | D:3      | HP: 21/45 [orc priest/nerve-wracking pain (12)]
  2754 | D:3      | HP: 8/45 [orc priest/nerve-wracking pain (13)]
  2755 | D:3      | Reached skill level 1 in Summonings
  3367 | D:4      | Reached skill level 6 in Ice Magic
  3516 | D:4      | Noticed Menkaure
  3523 | D:4      | HP: 14/45 [Menkaure (12)]
  3526 | D:4      | Killed Menkaure
  4126 | D:5      | Entered Level 5 of the Dungeon
  4146 | D:5      | Your scales start taking on a glossy black colour.
  4146 | D:5      | Reached XP level 7. HP: 47/50 MP: 13/13
  4146 | D:5      | Gained mutation: You are resistant to electric shocks. (rElec) [Black Draconian growth]
  4213 | D:5      | Learned a level 4 spell: Throw Icicle
  4268 | D:5      | Found a stormy altar of Qazlal.
  4279 | D:5      | Found Qaitsa Icwio's Weapon Emporium.
  4287 | D:5      | Reached skill level 1 in Fighting
  4362 | D:5      | Reached skill level 7 in Ice Magic
  4498 | D:5      | HP: 27/55 [ice beast (2)]
  4499 | D:5      | HP: 8/55 [ice beast (10)]
  4502 | D:5      | HP: 2/56 [bounced beam (3)]
  4502 | D:5      | Reached XP level 8. HP: 3/62 MP: 8/14
  4541 | D:5      | Shot with an arrow by a centaur

Skill      XL: |  1  2  3  4  5  6  7 |
---------------+----------------------+-----
Ice Magic      | 4 5 6 7 |  7.5
Spellcasting   | 3 4 |  4.6
Summonings     | 2 3 |  3.2
Fighting       | 2 |  2.5
Dodging        | |  1.7
Stealth        | |  1.7
Conjurations   | |  1.0

Action                   |  1- 3 |  4- 6 |  7- 9 || total
-------------------------+-------+-------+-------++-------
Melee: Short sword       |    44 |       |       ||    44
       Tailslap          |    10 |    11 |    11 ||    32
       Dagger            |    60 |   105 |    55 ||   220
 Cast: Freeze            |    16 |    27 |     8 ||    51
       Throw Frost       |       |     4 |       ||     4
       Ozocubu's Armour  |       |     4 |     1 ||     5
       Summon Ice Beast  |       |     1 |     1 ||     2
 Abil: Breathe Lightning |       |       |     1 ||     1
Evoke: Wand              |       |     2 |       ||     2
  Use: Scroll            |     8 |     6 |     3 ||    17
 Stab: Sleeping          |     1 |     4 |     1 ||     6
  Eat: Chunk             |     3 |     8 |     2 ||    13
Armor: Skin              |    37 |    37 |    16 ||    90
Dodge: Dodged            |    66 |    64 |    19 ||   149
